Map: Dusk Towers

Players

IlIlIlIlIlIl (Strange) - Winner!

  • Race: Protoss Protoss
  • League: Grandmaster

Miszu

  • Race: Terran Terran
  • League: Grandmaster

VOD

Have the link to the VOD?

Description

Time

  • Played on: May 28, 2016, 4:08 p.m.
  • Length: 11:42
Show
View Real Time Build Order
Export as new Build Order

IlIlIlIlIlIl Protoss - Winner!

Build Orders: 1 Gate Expand, Blink Stalkers 

Get SALT Encoding   

  12  0:01  Probe (Chrono Boost)  
  13  0:11  Probe (Chrono Boost)  
  14  0:17  Pylon  
  14  0:22  Probe (Chrono Boost)  
  16  0:35  Probe (Chrono Boost)  
  16  0:36  Gateway  
  16  0:42  Assimilator  
  16  0:46  Probe (Chrono Boost)  
  17  0:57  Probe (Chrono Boost)  
  18  1:07  Probe (Chrono Boost)  
  19  1:19  Nexus  
  19  1:30  Cybernetics Core  
  19  1:32  Probe (Chrono Boost)  
  20  1:43  Probe (Chrono Boost)  
  20  1:44  Assimilator  
  21  1:50  Pylon  
  21  1:53  Probe (Chrono Boost)  
  22  2:09  Mothership Core (Chrono Boost)  
  22  2:11  Warp Gate  
  24  2:16  Adept  
  26  2:27  Probe (Chrono Boost)  
  27  2:32  Probe (Chrono Boost)  
  27  2:35  Robotics Facility  
  28  2:38  Probe (Chrono Boost)  
  28  2:43  Probe (Chrono Boost)  
  30  2:48  Probe (Chrono Boost)  
  31  2:53  Probe (Chrono Boost)  
  31  2:56  Twilight Council  
  32  2:59  Probe (Chrono Boost)  
  32  3:04  Probe (Chrono Boost)  
  34  3:09  Probe (Chrono Boost)  
  35  3:14  Probe (Chrono Boost)  
  37  3:20  Probe (Chrono Boost)  
  37  3:22  Blink (Chrono Boost)  
  37  3:23  Gateway x2, Observer (Chrono Boost), Probe (Chrono Boost)  
  39  3:31  Probe, Assimilator  
  39  3:33  Probe  
  41  3:43  Probe  
  41  3:45  Probe  
  43  3:50  Observer (Chrono Boost)  
  43  3:52  Pylon  
  44  3:55  Probe  
  44  3:57  Probe  
  46  4:08  Nexus  
  46  4:09  Pylon  
  46  4:12  Observer (Chrono Boost)  
  46  4:14  Probe  
  48  4:20  Stalker x2  
  48  4:23  Stalker  
  54  4:28  Pylon  
  54  4:32  Probe (Chrono Boost)  
  54  4:38  Probe (Chrono Boost)  
  56  4:40  Pylon  
  56  4:43  Warp Prism  
  56  4:44  Probe (Chrono Boost)  
  59  4:51  Probe (Chrono Boost)  
  60  4:53  Stalker  
  60  4:54  Stalker  
  60  4:55  Stalker  
  60  4:57  Probe (Chrono Boost)  
  67  5:03  Probe (Chrono Boost)  
  68  5:07  Probe (Chrono Boost)  
  70  5:15  Probe (Chrono Boost)  
  70  5:18  Probe (Chrono Boost), Resonating Glaives  
  70  5:20  Probe (Chrono Boost)  
  72  5:21  Stalker x2  
  72  5:22  Stalker  
  72  5:27  Probe (Chrono Boost)  
  79  5:29  Probe (Chrono Boost)  
  79  5:31  Observer, Probe (Chrono Boost)  
  82  5:36  Pylon  
  82  5:39  Probe x2 (Chrono Boost)  
  82  5:41  Probe (Chrono Boost)  
  85  5:44  Stalker  
  85  5:45  Stalker x2  
  91  5:50  Pylon  
  91  5:59  Forge  
  89  6:08  Forge  
  89  6:14  Adept x3  
  89  6:16  Assimilator  
  89  6:17  Assimilator  
  95  6:24  Gateway  
  95  6:25  Gateway x2  
  95  6:32  Gateway  
  95  6:33  Gateway  
  95  6:37  Pylon  
  95  6:39  Sentry x3  
  101  6:43  Protoss Ground Armor Level 1 (Chrono Boost)  
  101  6:46  Probe (Chrono Boost)  
  103  6:48  Probe (Chrono Boost), Assimilator  
  103  6:50  Pylon, Probe (Chrono Boost)  
  104  6:57  Probe (Chrono Boost)  
  104  6:59  Probe (Chrono Boost)  
  104  7:00  Probe (Chrono Boost)  
  107  7:03  Photon Cannon  
  107  7:04  Protoss Ground Weapons Level 1 (Chrono Boost)  
  107  7:06  Photon Cannon  
  107  7:07  Probe  
  108  7:10  Probe  
  108  7:12  Probe  
  108  7:14  Pylon  
  108  7:15  Pylon  
  110  7:20  Probe  
  112  7:22  Probe  
  112  7:28  Adept x4  
  120  7:30  Adept x2  
  118  7:42  Adept x2  
  108  7:46  Immortal  
  108  7:51  Adept x5  
  112  7:55  Pylon  
  120  8:02  Nexus  
  120  8:05  Pylon  
  120  8:12  Sentry x6  
  126  8:14  Charge  
  126  8:17  Stalker x2  
  130  8:25  Immortal  
  134  8:36  Adept x6  
  146  8:47  Colossus x2  
  138  8:50  Protoss Ground Weapons Level 2 (Chrono Boost)  
  138  8:51  Protoss Ground Armor Level 2 (Chrono Boost)  
  130  8:58  Photon Cannon  
  130  8:59  Probe  
  130  9:00  Photon Cannon  
  130  9:02  Templar Archives  
  127  9:09  Zealot x8  
  143  9:17  Probe x4  
  147  9:33  Adept x5  
  147  9:34  Adept x3  
  161  9:58  Stalker x6  
  161  9:59  Stalker x2  
  169  10:10  Assimilator  
  169  10:11  Pylon, Assimilator  
  169  10:18  Pylon  
  169  10:19  Pylon  
  169  10:30  High Templar x3, Immortal  
  175  10:39  Archon  
  165  10:43  High Templar x3, Nexus  
  165  10:46  Pylon  
  165  10:47  Archon  
  165  10:48  Archon, Zealot x2  
  175  10:52  Pylon  
  175  11:02  Pylon  
  175  11:05  Gateway  
  175  11:07  Gateway, Pylon, Zealot x3  
  175  11:08  Pylon  
  183  11:11  Zealot x2  
  187  11:20  Zealot x3  
  187  11:21  Dark Shrine  
  193  11:30  Zealot x3  
  193  11:37  Zealot x2  
Show
View Real Time Build Order
Export as new Build Order

Miszu Terran 

Build Orders: Reaper Expand, MMM Bio 

Get SALT Encoding   

  12  0:00  SCV  
  13  0:13  SCV  
  14  0:17  Supply Depot  
  14  0:25  SCV  
  15  0:39  SCV  
  15  0:40  Barracks  
  16  0:44  Refinery  
  16  0:51  SCV  
  17  1:03  SCV  
  18  1:15  SCV  
  19  1:27  Orbital Command  
  19  1:29  Reaper  
  20  1:42  Command Center  
  20  1:54  Supply Depot, SCV  
  21  2:08  Barracks Reactor  
  21  2:10  SCV  
  22  2:22  SCV  
  23  2:24  Engineering Bay  
  23  2:26  Barracks  
  23  2:34  SCV  
  24  2:44  Marine x2  
  25  2:47  SCV  
  27  2:52  Terran Infantry Weapons Level 1  
  26  2:59  SCV  
  26  3:01  Orbital Command  
  27  3:06  Marine x2  
  27  3:11  SCV  
  30  3:12  Barracks Tech Lab  
  30  3:13  Refinery  
  30  3:24  Marine x2, SCV  
  33  3:29  SCV  
  33  3:30  Marine  
  33  3:31  Stimpack  
  35  3:36  SCV  
  36  3:41  SCV  
  36  3:42  Marine x2  
  36  3:46  Supply Depot  
  36  3:48  Marine, SCV  
  40  3:53  SCV  
  42  3:58  Refinery  
  42  3:59  Factory, Barracks  
  42  4:00  Marine x2, SCV  
  45  4:05  SCV  
  45  4:09  Supply Depot  
  46  4:12  SCV  
  46  4:13  Marauder  
  49  4:17  Marine, SCV  
  49  4:18  Marine  
  52  4:24  SCV  
  52  4:29  SCV  
  54  4:32  Supply Depot  
  54  4:35  Marauder  
  54  4:36  SCV  
  57  4:38  Marine x2  
  57  4:42  SCV  
  57  4:43  Factory Reactor  
  57  4:44  Starport  
  60  4:46  Marine  
  60  4:48  SCV  
  60  4:49  Terran Infantry Armor Level 1  
  62  4:54  SCV  
  62  4:55  Supply Depot  
  62  4:56  Marauder  
  62  4:57  Marine  
  66  5:00  SCV  
  67  5:15  Command Center  
  67  5:18  Supply Depot, Barracks Tech Lab  
  67  5:24  SCV  
  67  5:26  Refinery, Medivac x2, Factory Reactor  
  72  5:30  SCV, Armory  
  72  5:32  Marauder  
  75  5:36  SCV  
  75  5:41  Supply Depot, Combat Shields  
  75  5:42  SCV  
  77  5:44  Marauder  
  77  5:48  SCV  
  79  6:06  Marauder  
  79  6:07  Medivac x2, Marauder  
  85  6:13  Widow Mine x2  
  85  6:15  Command Center  
  89  6:20  Barracks x2  
  89  6:23  SCV x2  
  89  6:25  Supply Depot  
  91  6:29  Supply Depot, Marine, Marauder  
  94  6:34  Marine  
  94  6:35  SCV  
  94  6:46  Medivac x2, Marauder  
  102  6:47  SCV  
  102  6:51  Supply Depot  
  102  6:53  Marauder  
  103  6:56  SCV  
  103  6:57  Terran Infantry Weapons Level 2  
  104  7:05  Marine x2  
  104  7:07  SCV  
  104  7:08  Marauder, SCV  
  110  7:14  Marauder  
  112  7:18  Barracks Reactor  
  112  7:20  Barracks Tech Lab, SCV  
  112  7:21  SCV  
  114  7:24  Marine x2  
  114  7:29  Marauder  
  118  7:31  Liberator  
  118  7:32  Liberator, SCV  
  118  7:36  Marauder  
  111  7:43  Marauder  
  111  7:44  Marine x2  
  105  7:46  Orbital Command  
  105  7:50  Marine  
  113  7:52  SCV  
  113  7:53  SCV  
  113  7:56  Marine  
  116  8:00  Barracks  
  116  8:01  Refinery x2, Barracks  
  116  8:02  Barracks  
  116  8:05  SCV  
  113  8:06  Marauder  
  111  8:12  Marauder  
  111  8:14  SCV x2  
  111  8:17  SCV  
  111  8:26  SCV x2  
  112  8:29  SCV  
  109  8:43  Liberator x2  
  109  8:44  Marauder  
  102  8:55  SCV  
  98  8:57  SCV  
  98  8:59  Marine x5, Marauder  
  111  9:05  Marine  
  111  9:09  SCV  
  113  9:12  SCV  
  113  9:13  Barracks Reactor x2, Barracks Tech Lab  
  113  9:17  Marine, SCV  
  114  9:21  SCV  
  117  9:24  SCV  
  117  9:28  Marine x3, Marauder  
  117  9:29  SCV  
  124  9:33  SCV  
  124  9:36  SCV  
  126  9:41  SCV  
  123  9:45  SCV  
  123  9:49  Marauder  
  123  9:51  SCV  
  114  9:56  Liberator x2  
  114  9:59  Marauder  
  94  10:12  SCV  
  94  10:13  SCV x2  
  95  10:14  Marine, Marauder  
  95  10:15  Marine x8  
  100  10:24  SCV  
  100  10:28  SCV  
  100  10:42  Marine x2  
  100  10:51  Marine x2  
  100  10:53  Marine  
  100  10:54  Marine x3  
  106  10:58  Marine x2  
  106  10:59  Marine  
  109  11:04  Marine  
  109  11:05  Marine, Marauder  
  109  11:09  Marine  
  109  11:11  Marine x2  
  114  11:16  Marine, Marauder  
  114  11:17  Marine  
  120  11:19  Marauder  
  122  11:29  SCV  
Tags
 
Add a new tag
Caveats
  • Supply blocks, unpowered buildings, or Contaminate may cause inaccurate times.
  • Supply counts are checked every 10 seconds.